 Dungeon Crawl Stone Soup version 0.27.1-1-g398f81649c (webtiles) character file.

Game seed: 15048381041367431309

67 Descartes the Conjurer (level 4, -4/27 HPs)
             Began as a Deep Elf Wanderer on Sept 22, 2021.
             Slain by a killer bee zombie (6 damage)
             ... on level 3 of the Dungeon.
             The game lasted 00:05:11 (2936 turns).

Descartes the Conjurer (Deep Elf Wanderer)          Turns: 2936, Time: 00:05:11

Health: -4/27      AC:  3    Str:  7    XL:     4   Next: 0%
Magic:  6/10       EV: 10    Int: 19    God:
Gold:   147        SH:  0    Dex: 15    Spells: 5/9 levels left

rFire    . . .     SeeInvis .   a - +0 spear
rCold    . . .     Faith    .   (no shield)
rNeg     . . .     Spirit   .   h - +0 leather armour
rPois    .         Reflect  .   (no helmet)
rElec    .         Harm     .   (no cloak)
rCorr    .         Rampage  .   (no gloves)
Will     .....                  (no boots)
Stlth    +.........             (no amulet)
HPRegen  0.09/turn              (no ring)
MPRegen  0.12/turn              (no ring)

@: no status effects
A: no striking features
a: no special abilities


You were on level 3 of the Dungeon.
You visited 1 branch of the dungeon, and saw 3 of its levels.

You collected 147 gold pieces.

Inventory:

Hand Weapons
 a - a +0 spear (weapon)
Missiles
 g - 2 stones (quivered)
 i - 13 poisoned darts
 n - 23 sling bullets
 o - 28 arrows
Armour
 b - a +0 robe
 h - a +0 leather armour (worn)
Jewellery
 q - a ring of poison resistance
Scrolls
 c - 3 scrolls of identify {unknown}
 e - a scroll of silence {unknown}
 f - 3 scrolls of enchant weapon {unknown}
 j - 2 scrolls of amnesia {unknown}
 l - a scroll of noise {unknown}
 p - a scroll of teleportation {unknown}
 r - a scroll of magic mapping {unknown}
Potions
 d - 2 potions of attraction {unknown}
 k - a potion of lignification {unknown}
 m - a potion of haste {unknown}


   Skills:
 - Level 2.4 Fighting
 - Level 1.0 Throwing
 - Level 3.0 Spellcasting
 + Level 5.1 Conjurations
 + Level 0.3 Translocations
 + Level 2.1 Fire Magic
 - Level 1.1 Evocations


You had 5 spell levels left.
You knew the following spells:

 Your Spells              Type           Power      Damage    Failure   Level
a - Foxfire               Conj/Fire      64%        2x1d7     5%          1
b - Magic Dart            Conj           88%        1d7       2%          1
c - Blink                 Tloc           N/A        N/A       30%         2

Your spell library contained the following spells:

 Spells                   Type           Power      Damage    Failure   Level
 Conjure Flame            Conj/Fire      16%        6-21      16%         3
 Dazzling Flash           Conj/Hex       24%        N/A       24%         3
 Call Imp                 Summ           2%         N/A       34%         2
 Slow                     Hex            2%         N/A       34%         2
 Mephitic Cloud           Conj/Pois/Air  9%         N/A       34%         3
 Ignite Poison            Fire/Tmut/Pois 5%         N/A       45%         3
 Sticky Flame             Conj/Fire      16%        2d4       45%         4
 Leda's Liquefaction      Hex/Erth       1%         N/A       92%         4
 Bolt of Magma            Conj/Fire/Erth 6%         4d6       93%         5
 Statue Form              Tmut/Erth      1%         N/A       100%        6


Dungeon Overview and Level Annotations

Branches:
Dungeon (3/15)

Altars:
Cheibriados
Ru

Annotations:
D:3 imbaldmole's ghost, weakling OpBr


Message History

Confirm with . or Enter, or press ? or * to list all spells.
You conjure some foxfire!
The bullfrog zombie hits you.
The foxfire hits the bullfrog zombie.
The bullfrog zombie is heavily damaged.
The foxfire hits the bullfrog zombie.
The bullfrog zombie is severely damaged.
The bullfrog zombie hits you.
Casting: Foxfire (safe; 5% risk of failure)
Confirm with . or Enter, or press ? or * to list all spells.
You conjure some foxfire!
The bullfrog zombie hits you.
The killer bee zombie barely misses you.
The foxfire hits the killer bee zombie.
The killer bee zombie is lightly damaged.
The foxfire hits the killer bee zombie!
The killer bee zombie is heavily damaged.
The killer bee zombie closely misses you.
The bullfrog zombie hits you but does no damage.
The killer bee zombie barely misses you.
The bullfrog zombie hits you.
Casting: Foxfire (safe; 5% risk of failure)
Confirm with . or Enter, or press ? or * to list all spells.
You conjure some foxfire!
The killer bee zombie hits you.
The killer bee zombie completely misses you.
The bullfrog zombie hits you.
The foxfire hits the killer bee zombie.
The killer bee zombie is heavily damaged.
The foxfire hits the killer bee zombie.
The killer bee zombie is severely damaged.
The killer bee zombie closely misses you.
The killer bee zombie hits you.
Casting: Foxfire (safe; 5% risk of failure)
Confirm with . or Enter, or press ? or * to list all spells.
You conjure some foxfire!
The killer bee zombie hits you.
* * * LOW HITPOINT WARNING * * *
The killer bee zombie hits you.
* * * LOW HITPOINT WARNING * * *
Your foxfire dissipates!
There is a stone staircase leading down here.
The killer bee zombie hits you.
You die...

.....##.............#.###.#####.#
####.##.###..######.#.# #.# ##.#
#.##.###..######.#.# #.####.#.
#................#.# #.....###
###'''###.####.#.#.# ######.#.
#.....ZW#..# #.#.#.# ##.#
##..$..##..# #.#.#.#########.#
#.......#..###.#.#.....^.....#
##.$$..##.ZZZ@...#############
#..#.#.[##.###.### #..........
#############.# #.# #.#####.###
............#.# #.# #.# ##.##
............#.# #.# ##.####...#
..###########.###.# #.........#
#.................####.≈≈≈≈≈≈..#
#############..........≈≈≈≈≈≈..#
#########..≈≈._≈≈..#


You could see a bullfrog zombie, a killer bee zombie and a howler monkey
skeleton.

Vanquished Creatures
  2 adders
  2 worms (D:2)
  7 ball pythons
  3 endoplasms
  A giant cockroach (D:1)
  4 goblins
  4 hobgoblins
  4 quokkas (D:1)
  6 bats
  2 frilled lizards (D:1)
  2 kobolds
  5 rats
42 creatures vanquished.

Vanquished Creatures (others)
  30 foxfires
30 creatures vanquished.

Grand Total: 72 creatures vanquished

Notes
Turn   | Place    | Note
-------+----------+-------------------------------------------
     0 | D:1      | Descartes the Deep Elf Wanderer began the quest for the
                  | Orb.
     0 | D:1      | Descartes set off with the following items: a +0 spear, a
                  | +0 robe; and the following spells available to memorise:
                  | Magic Dart, Foxfire, Conjure Flame, Dazzling Flash, Blink,
                  | Call Imp, Slow, Mephitic Cloud
     0 | D:1      | Reached XP level 1. HP: 13/13 MP: 5/5
     2 | D:1      | Learned a level 1 spell: Foxfire
     4 | D:1      | Learned a level 1 spell: Magic Dart
   273 | D:1      | Reached XP level 2. HP: 18/18 MP: 2/7
   361 | D:1      | Reached skill level 1 in Fire Magic
  1230 | D:2      | Reached XP level 3. HP: 22/22 MP: 3/9
  1612 | D:2      | Reached skill level 5 in Conjurations
  1837 | D:2      | Found a faded altar of an unknown god.
  2104 | D:3      | Learned a level 2 spell: Blink
  2313 | D:3      | Found a snail-covered altar of Cheibriados.
  2521 | D:3      | Found a runed translucent gate.
  2521 | D:3      | Found a runed translucent gate.
  2521 | D:3      | Found a runed translucent gate.
  2522 | D:3      | Noticed imbaldmole's ghost (weakling OpBr)
  2657 | D:3      | Reached XP level 4. HP: 27/27 MP: 8/10
  2846 | D:3      | Found a sacrificial altar of Ru.
  2934 | D:3      | HP: 1/27 [killer bee zombie (5)]
  2936 | D:3      | Slain by a killer bee zombie

Illustrated notes

Levels and vault maps discovered:
D:1:      scummos_arrival_simple_fountains, layout_loops_ring
D:2:      layout_rooms, chequers_ecumenical_altar_twisty, serial_glass,
          glass_columns_a, glass_columns_c, glass_columns_a, glass_columns_b
D:3:      layout_loops_ring, lemuel_tele_altar, general_overflow_altar,
          gammafunk_ghost_necromancy

Skill      XL: |  1  2  3 |
---------------+----------+-----
Spellcasting   | 2 3 |  3.0
Fire Magic     | 1 2 |  2.1
Conjurations   | 5 |  5.1
Fighting       | |  2.4
Throwing       | |  1.0
Translocations | |  0.3
Evocations     | |  1.1

Action                   |  1- 3 |  4- 6 || total
-------------------------+-------+-------++-------
 Cast: Magic Dart        |    80 |       ||    80
       Foxfire           |    13 |     5 ||    18
Armor: Leather armour    |     2 |     1 ||     3
Dodge: Dodged            |     9 |     7 ||    16
